 Dungeon Crawl Stone Soup version 0.25-a0-663-gace7076 (webtiles) character file.

Game seed: 8335035953796844087, levelgen mode: deterministic

1268 Lindan9 the Poker (level 8, 0/55 HPs)
             Began as a Demonspawn Chaos Knight on Mar 25, 2020.
             Was a Plaything of Xom.
             Slain by a gnoll
             ... wielding a +2 vorpal spear
              (3 damage)
             ... on level 5 of the Dungeon.
             The game lasted 00:23:49 (3857 turns).

Lindan9 the Poker (Demonspawn Chaos Knight)         Turns: 3857, Time: 00:23:49

Health: 0/55       AC:  8    Str: 15    XL:     8   Next: 28%
Magic:  17/17      EV: 12    Int: 11    God:    Xom [.....*]
Gold:   431        SH:  0    Dex: 11    Spells: 7/7 levels left

rFire    . . .     SeeInvis .   a - +0 spear (chaos)
rCold    . . .     Gourm    .   (no shield)
rNeg     . . .     Faith    .   b - +2 leather armour
rPois    .         Spirit   .   (helmet restricted)
rElec    .         Reflect  .   (no cloak)
rCorr    .         Harm     .   j - +0 pair of gloves
MR       .....                  (no boots)
Stlth    ++........             (no amulet)
HPRegen  0.18/turn              g - ring of magical power
MPRegen  0.15/turn              (no ring)

@: no status effects
A: horns 1, icy blue scales 1, clumsy 1, demonic guardian 1, dopey 1, frail 1,
powered by pain 3, screaming 1
a: Renounce Religion


You were on level 5 of the Dungeon.
You worshipped Xom.
You were Xom's teddy bear.
You were not hungry.

You visited 1 branch of the dungeon, and saw 5 of its levels.

You collected 431 gold pieces.

Inventory:

Hand Weapons
 a - a +0 spear of chaos (weapon)
Armour
 b - a +2 leather armour (worn)
 j - a +0 pair of gloves (worn)
 l - a +1 helmet of intelligence
 m - a +0 pair of boots
 s - a +0 helmet
Jewellery
 g - a ring of magical power (left hand)
 r - a cursed +1 ring of evasion {unknown}
Wands
 t - a wand of digging (4)
Scrolls
 d - 2 scrolls of teleportation
 h - 3 scrolls of remove curse
 k - 2 scrolls of fog
 u - 2 scrolls of enchant weapon
 x - 3 scrolls of enchant armour
Potions
 e - a potion of invisibility
 f - a potion of berserk rage {unknown}
 i - a potion of flight {unknown}
 n - 2 potions of stabbing
 o - 3 potions of haste {unknown}
 q - a potion of might
 v - a potion of heal wounds {unknown}
 w - a potion of curing {unknown}
Comestibles
 c - 8 rations


   Skills:
 + Level 5.0 Fighting
 + Level 6.5 Polearms
 + Level 3.5 Armour
 + Level 3.4 Dodging
 + Level 3.4 Stealth


You had 7 spell levels left.
You didn't know any spells.
Your spell library was empty.

Dungeon Overview and Level Annotations

Branches:
Dungeon (5/15)             Temple (0/1) D:4

Altars:
Dithmenos
Elyvilon
Okawaru
Qazlal
Vehumet
Xom
The Shining One

Annotations:
Abyss:1 Pikel


Innate Abilities, Weirdness & Mutations

You have a pair of small horns on your head.
You are partially covered in icy blue scales. (AC +2)
A weak demonic guardian rushes to your aid.
You are powered by pain.
You are clumsy. (Dex -2)
You are dopey. (Int -2)
You are frail. (-10% HP)
You occasionally shout uncontrollably at your foes.


Message History

You barely miss the orc.
The orc is moderately wounded.
The orc hits you but does no damage. The gnoll closely misses your iron imp.
Your iron imp barely misses the gnoll.
You closely miss the orc. You headbutt the orc.
The orc is heavily wounded.
The orc hits you but does no damage.
You hit the orc. You burn the orc.
You kill the orc!
The gnoll closely misses your iron imp.
Your iron imp closely misses the gnoll.
Something closely misses your iron imp.
Items here: ))) [[[
Okay, then.
The gnoll hits you but does no damage. The gnoll hits you but does no damage.
You barely miss the gnoll. Your headbutt misses the gnoll.
The gnoll is heavily wounded.
The gnoll hits you with a +2 vorpal spear.
You die... "Huh?
Did I miss anything?"

........#.......## ##.#
.................#####...#
..................##...#
.....................########
.................##..........
................)##.##.......
.................5†..........
............(....#...#.......
................@#5..#.......
....#...........g#...########
.......#.........)...#
.##..............#...#
......###.......##...#
...#.## #.....# #...# ...#.#
###### #...# ...#.# #####
.#.#


You could see a gnoll and a friendly iron imp.

Vanquished Creatures
  Eustachio (D:4)
  A phantom (D:5)
  An ogre (D:4)
  A bullfrog zombie (D:5)
  A gnoll shaman (D:5)
  2 jellies
  An iguana (D:5)
  4 worker ants
  Robin (D:4)
  2 gnolls (D:5)
  5 adders
  An ooze (D:1)
  2 adder skeletons (D:4)
  An adder zombie (D:5)
  A worm (D:2)
  A dart slug (D:4)
  2 leopard geckos
  5 orcs
  3 bats
  7 giant cockroaches
  13 goblins
  12 hobgoblins
  3 jackals (D:2)
  8 kobolds
  A quokka (D:2)
  A ball python (D:3)
  7 frilled lizards
  2 goblin skeletons (D:5)
  A hobgoblin zombie (D:5)
  A kobold skeleton (D:5)
  A leopard gecko skeleton (D:4)
  A quokka skeleton (D:4)
  3 rats
97 creatures vanquished.

Vanquished Creatures (collateral kills)
  A yaktaur (shapeshifter) (D:5)
  An ogre (D:5)
  A quasit (D:5)
  An orc wizard (D:5)
  A gnoll (D:5)
  An ooze (D:2)
  2 orcs (D:5)
  3 goblin zombies (D:5)
  A hobgoblin zombie (D:5)
  A kobold skeleton (D:5)
  A kobold zombie (D:5)
  An orc zombie (D:5)
15 creatures vanquished.

Vanquished Creatures (others)
  A slave (D:5)
  A centaur (D:5)
  4 toadstools (D:1)
6 creatures vanquished.

Grand Total: 118 creatures vanquished

Notes
Turn   | Place    | Note
-------+----------+-------------------------------------------
     0 | D:1      | Lindan9 the Demonspawn Chaos Knight began the quest for the
                  | Orb.
     0 | D:1      | Reached XP level 1. HP: 18/18 MP: 1/1
    74 | D:1      | Reached skill level 1 in Dodging
    77 | D:1      | XOM: harmless Conj miscast
    85 | D:1      | Gained mutation: A weak demonic guardian rushes to your
                  | aid. [demonic ancestry]
    85 | D:1      | Reached XP level 2. HP: 24/24 MP: 2/2
    86 | D:1      | Reached skill level 3 in Polearms
   219 | D:1      | XOM: divination: detect creatures
   293 | D:1      | XOM: harmless Chrm miscast
   437 | D:1      | XOM: divination: detect creatures
   443 | D:2      | XOM: mild Tloc miscast
   443 | D:2      | XOM: smoke on damage
   694 | D:2      | Gained mutation: You are partially covered in icy blue
                  | scales. (AC +2) [demonic ancestry]
   694 | D:2      | Reached XP level 3. HP: 29/29 MP: 3/3
   785 | D:2      | XOM: potion effect (might)
  1168 | D:2      | XOM: give mutations
  1168 | D:2      | Gained mutation: You are dopey. (Int -2) [Xom's mischief]
  1168 | D:2      | Gained mutation: You are clumsy. (Dex -2) [Xom's mischief]
  1341 | D:2      | Gained mutation: You sometimes gain a little power by
                  | taking damage. [demonic ancestry]
  1341 | D:2      | Reached XP level 4. HP: 29/37 MP: 4/4
  1448 | D:2      | XOM: give mutations
  1448 | D:2      | Gained mutation: You are frail. (-10% HP) [Xom's mischief]
  1448 | D:2      | Gained mutation: You occasionally shout uncontrollably at
                  | your foes. [Xom's mischief]
  1784 | D:3      | Found a radiant altar of Vehumet.
  1984 | D:3      | Found a stormy altar of Qazlal.
  1998 | D:3      | XOM: mild Conj miscast
  2150 | D:3      | XOM: harmless Pois miscast
  2218 | D:3      | XOM: noise
  2314 | D:4      | Reached skill level 4 in Polearms
  2337 | D:4      | Gained mutation: You sometimes gain power by taking damage.
                  | [demonic ancestry]
  2337 | D:4      | Reached XP level 5. HP: 30/37 MP: 5/5
  2397 | D:4      | Reached skill level 1 in Stealth
  2401 | D:4      | Noticed an ogre
  2407 | D:4      | Killed an ogre
  2421 | D:4      | Gained mutation: You are powered by pain. [demonic
                  | ancestry]
  2421 | D:4      | Reached XP level 6. HP: 42/43 MP: 6/6
  2452 | D:4      | Noticed Robin
  2465 | D:4      | Killed Robin
  2473 | D:4      | XOM: god gift: scroll of teleportation
  2539 | D:4      | Noticed Eustachio
  2558 | D:4      | Killed Eustachio
  2558 | D:4      | Reached skill level 5 in Polearms
  2594 | D:4      | Found a staircase to the Ecumenical Temple.
  2594 | D:4      | XOM: 6-stop teleportation journey
  2687 | D:4      | Found a shadowy altar of Dithmenos.
  2956 | D:5      | Entered Level 5 of the Dungeon
  2956 | D:5      | Noticed a slave
  2979 | D:5      | Noticed a shapeshifter
  2979 | D:5      | a giant cockroach changed into a shapeshifter
  2979 | D:5      | a shapeshifter changed into an eye of draining
  2984 | D:5      | XOM: summons friendly quasit
  2996 | D:5      | Noticed a shapeshifter
  2996 | D:5      | an eye of draining changed into a shapeshifter
  2996 | D:5      | Noticed a yaktaur
  2996 | D:5      | a shapeshifter changed into a yaktaur
  3001 | D:5      | Killed a yaktaur
  3001 | D:5      | Gained mutation: You have a pair of small horns on your
                  | head. [demonic ancestry]
  3001 | D:5      | Reached XP level 7. HP: 4/49 MP: 7/7
  3204 | D:5      | XOM: summons friendly quasit
  3321 | D:5      | Found a glowing golden altar of the Shining One.
  3530 | D:5      | Found an iron altar of Okawaru.
  3544 | D:5      | Found a white marble altar of Elyvilon.
  3571 | D:5      | Noticed Pikel
  3593 | D:5      | XOM: scenery: create altars
  3599 | D:5      | Banished Pikel
  3599 | D:5      | Reached skill level 6 in Polearms
  3599 | D:5      | Reached XP level 8. HP: 11/54 MP: 8/8
  3602 | D:5      | Xom revived you
  3729 | D:5      | XOM: 1-stop teleportation journey
  3799 | D:5      | Reached skill level 5 in Fighting
  3835 | D:5      | Paralysed by an orc wizard for 3 turns
  3837 | D:5      | HP: 2/55 [gnoll/+2 vorpal spear (3)]
  3845 | D:5      | HP: 1/55 [orc/+0 mace (2)]
  3857 | D:5      | Slain by a gnoll

Levels and vault maps discovered:
D:1:      minmay_arrival_open_corners, layout_rooms, minmay_gold_behind_fungi
D:2:      layout_basic, first_ration
D:3:      layout_loops_ring, overflow_temple_1_default, vehumet_crystals
D:4:      layout_cave_pools, nicolae_dithmenos_shadow_blocks,
          minmay_temple_entry_mist, uniq_eustachio, uniq_robin
D:5:      layout_rooms, overflow_temple_1_default, kennysheep_mini,
          nicolae_tso_besieged_by_evil, uniq_pikel

Skill      XL: |  1  2  3  4  5  6  7  8 |
---------------+-------------------------+-----
Dodging        | 1 2 3 |  3.4
Polearms       | 3 4 5 6 |  6.5
Armour         | 2 3 |  3.5
Fighting       | 4 5 |  5.0
Stealth        | 1 2 3 |  3.4

Action                   |  1- 3 |  4- 6 |  7- 9 || total
-------------------------+-------+-------+-------++-------
Melee: Spear             |    89 |   247 |   105 ||   441
       Headbutt          |       |       |    18 ||    18
  Use: Scroll            |     2 |     5 |       ||     7
       Potion            |       |       |     2 ||     2
 Stab: Sleeping          |     2 |       |       ||     2
       Paralysed         |     2 |     3 |     1 ||     6
       Confused          |       |     1 |       ||     1
       Distracted        |       |       |     3 ||     3
  Eat: Ration            |     1 |     1 |     1 ||     3
Armor: Leather armour    |    24 |   117 |    20 ||   161
Dodge: Dodged            |    44 |   165 |    36 ||   245

Table legend:
 A = Non-vault XP
 B = Vault XP
 C = Vault XP percentage of total XP
 D = Non-vault monster count
 E = Vault monster count
 F = Vault count percentage of total count
                 A         B        C        D         E       F
            +---------+---------+-------+---------+---------+-------
      Total |    1099 |     713 |  39.3 |      87 |      26 |  23.0
            +---------+---------+-------+---------+---------+-------
        D:1 |      28 |       0 |   0.0 |      15 |       0 |   0.0
        D:2 |      80 |       0 |   0.0 |      19 |       0 |   0.0
        D:3 |      51 |       0 |   0.0 |      17 |       0 |   0.0
        D:4 |     249 |     209 |  45.6 |      16 |      13 |  44.8
        D:5 |     691 |     504 |  42.2 |      20 |      13 |  39.4
            +---------+---------+-------+---------+---------+-------
